 Dungeon Crawl Stone Soup version 0.27.1-35-g4d5d836560 (webtiles) character file.

Game seed: 13835551277574887865

30 Tiocfaidh the Magician (level 3, -1/31 HPs)
             Began as a Naga Wanderer on Dec 24, 2021.
             Slain by Natasha (3 damage)
             ... on level 2 of the Dungeon on Mar 5, 2022.
             The game lasted 00:11:16 (1726 turns).

Tiocfaidh the Magician (Naga Wanderer)              Turns: 1726, Time: 00:11:17

Health: -1/31      AC:  2    Str: 15    XL:     3   Next: 20%
Magic:  8/8        EV:  9    Int: 13    God:
Gold:   58         SH:  0    Dex:  9    Spells: 9/9 levels left

rFire    . . .     SeeInvis +   a - +2 dagger
rCold    . . .     Faith    +   (no shield)
rNeg     . . .     Spirit   .   e - +0 robe
rPois    +         Reflect  .   (no helmet)
rElec    .         Harm     .   (no cloak)
rCorr    .         Rampage  .   (no gloves)
Will     .....                  (no barding)
Stlth    ++........             k - amulet of faith
HPRegen  0.10/turn              g - ring of wizardry
MPRegen  0.11/turn              (no ring)

@: short of breath, very slow
A: AC +1, large, see invisible, deformed body, poison resistance, slowness 2,
spit poison 1, naga tail 1
a: Spit Poison


You were on level 2 of the Dungeon.
You visited 1 branch of the dungeon, and saw 2 of its levels.

You collected 58 gold pieces.

Inventory:

Hand Weapons
 a - a +2 dagger (weapon)
 d - a +0 quarterstaff
 l - a +0 hunting sling
Missiles
 m - 6 datura-tipped darts (quivered)
Armour
 e - a +0 robe (worn)
Jewellery
 g - a ring of wizardry (left hand)
 k - an amulet of faith (around neck)
Scrolls
 c - a scroll of teleportation
 n - 2 scrolls of amnesia {unknown}
Potions
 b - a potion of heal wounds
 f - a potion of flight {unknown}
 j - a potion of attraction {unknown}
 o - a potion of curing


   Skills:
 + Level 1.3 Fighting
 + Level 0.1 Short Blades
 + Level 2.1 Staves
 + Level 1.1 Dodging
 + Level 3.3 Stealth
 + Level 3.6 Spellcasting
 + Level 1.0 Evocations


You had 9 spell levels left.
You didn't know any spells.
Your spell library was empty.

Dungeon Overview and Level Annotations

Branches:
Dungeon (2/15)

Altars:

Annotations:
D:2 Natasha


Innate Abilities, Weirdness & Mutations

Your serpentine skin is tough. (AC +1)
You have supernaturally acute eyesight. (SInv)
Armour fits poorly on your strangely shaped body.
Your system is resistant to poisons. (rPois)
You cover ground very slowly.
You can spit poison.
You have a snake-like lower body.


Message History

You start resting.
HP restored.
As you read the scroll labelled CIEW UMPEAZU, it crumbles to dust.
It is a scroll of identify.
i - a potion of lignification
As you read the scroll of identify, it crumbles to dust.
o - a potion of curing Drop what? 14/52 slots (_ for help) (? for menu, Esc to quit)
You drop a potion of lignification.
Welcome back, Tiocfaidh the Naga Wanderer.
Press ? for a list of commands and other information.
Natasha, Servant of Life and Death comes into view.
Natasha hisses angrily.
Natasha casts a spell at you. You resist with some effort.
Natasha mumbles some strange words.
Throw: 8 darts (datura)
Press: ? - help, Q - select action, (/) - cycle Shift-Dir - straight line, f - Natasha
Aim: Natasha (43% to hit, chance to frenzy on hit: 83%)
You throw a datura-tipped dart. The datura-tipped dart hits Natasha.
Natasha flies into a frenzy!
Natasha claws the crimson imp!
The crimson imp blinks!
Natasha claws something!
Natasha claws you. Natasha claws you!
Natasha refuses to make way for you. (Use ctrl+direction or * direction to attack.) Natasha refuses to make way for you. (Use ctrl+direction or * direction to attack.) Natasha refuses to make way for you. (Use ctrl+direction or * direction to attack.) Unknown command.
Natasha refuses to make way for you. (Use ctrl+direction or * direction to attack.) Unknown command.
Press: ? - help, Shift-Dir - straight line, f/p - Natasha
Aim: Natasha (fast, strong, frenzied and insane)
The splash of poison misses Natasha.
Natasha claws you but does no damage.
Throw: 7 darts (datura)
Press: ? - help, Q - select action, (/) - cycle Shift-Dir - straight line, f/p - Natasha
Aim: Natasha (fast, strong, frenzied and insane, 43% to hit, immune)
You throw a datura-tipped dart. The datura-tipped dart hits Natasha.
Natasha claws you!
* * * LOW HITPOINT WARNING * * *
Natasha claws you.
You die...

#..# # #..# #..#
..# # ... #####..
#.#####.# .......
.#....h.# ..###.#
#.# #@# #..##.#
#.# #.# #.###.#
#.# #.# ...##.#
#.# #.#
....#.####.#####.#
.................#
....##############
...##
#.###########


You could see the neutral Natasha (fast, strong, insane).

Vanquished Creatures
  An adder (D:2)
  A ball python (D:1)
  A bat (D:2)
  2 endoplasms (D:1)
  3 goblins (D:1)
  2 hobgoblins
  2 quokkas
  3 frilled lizards
  3 kobolds
  3 rats
21 creatures vanquished.

Notes
Turn   | Place    | Note
-------+----------+-------------------------------------------
     0 | D:1      | Tiocfaidh the Naga Wanderer began the quest for the Orb.
     0 | D:1      | Tiocfaidh set off with the following items: a +2 dagger, a
                  | potion of heal wounds, a scroll of teleportation, a +0
                  | quarterstaff, a +0 robe
     0 | D:1      | Reached XP level 1. HP: 18/18 MP: 4/4
   176 | D:1      | Reached XP level 2. HP: 15/25 MP: 6/6
   853 | D:1      | Found a faded altar of an unknown god.
  1429 | D:2      | Reached XP level 3. HP: 24/31 MP: 8/8
  1720 | D:2      | Upgraded the game from 0.27.1-33-g824d729ab1 to
                  | 0.27.1-35-g4d5d836560
  1721 | D:2      | Noticed Natasha
  1726 | D:2      | Slain by Natasha

Illustrated notes

Levels and vault maps discovered:
D:1:      lightli_arrival_statuegarden, layout_loops_cross,
          shapermc_ecumenical_altar_flowoftime
D:2:      layout_loops_ring, serial_shops, nicolae_lakefront_shop,
          roderic_st_hans_cross, glass_columns_a, solitary_fountain,
          chequers_serial_rivers_small_a, minmay_stone_trees_medium,
          nrook_campfire, uniq_natasha

Action                   || total
-------------------------++-------
Melee: Dagger            ||    59
Throw: Dart              ||     6
 Abil: Spit Poison       ||    15
  Use: Scroll            ||     2
 Stab: Sleeping          ||     1
Armor: Robe              ||    13
Dodge: Dodged            ||    39
